 Dungeon Crawl Stone Soup version 0.21.1-1-g345015f (webtiles) character file.

26867 spiff the Grappler (level 13, -1/199 HPs)
             Began as a Troll Hunter on July 11, 2018.
             Was a Priest of Elyvilon (penitent).
             Slain by a wolf (3 damage)
             ... on level 3 of the Lair of Beasts.
             The game lasted 00:42:45 (14733 turns).

spiff the Grappler (Troll Hunter)                  Turns: 14733, Time: 00:42:46

Health: -1/199     AC:  6    Str: 31    XL:     13   Next: 1%
Magic:  0/27       EV: 15    Int:  7    God:    Elyvilon [*]
Gold:   844        SH:  0    Dex: 16    Spells: 11/12 levels left

rFire    . . .     SeeInvis .     - Unarmed
rCold    + . .     Gourm    +   (no shield)
rNeg     . . .     Faith    .   P - +1 robe {rC+}
rPois    .         Spirit   +   (helmet restricted)
rElec    .         Reflect  .   H - scarf {Spirit}
rCorr    .         Harm     .   (gloves unavailable)
MR       .....                  (boots unavailable)
Stlth    ..........             A - amulet of rage
HPRegen  0.83/turn              y - ring of magical power
MPRegen  0.20/turn              s - +5 ring of dexterity

@: berserking, very quick
A: large, unfitting armour, claws 3, fast metabolism 3, gourmand, regeneration
1, shaggy fur 1, tough skin 2
a: Renounce Religion, Evoke Berserk Rage


You were on level 3 of the Lair of Beasts.
You worshipped Elyvilon.
Elyvilon was demanding penance.
You were full.

You visited 3 branches of the dungeon, and saw 15 of its levels.
You also visited: Sewer.

You collected 890 gold pieces.
You spent 46 gold pieces at shops.

Inventory:

Hand Weapons
 a - a +6 blowgun
Missiles
 c - 5 large rocks (quivered)
 d - 2 throwing nets
 o - a needle of confusion
 u - 73 poisoned needles
 G - 6 tomahawks
 L - 5 javelins of penetration
Armour
 H - a scarf of spirit shield (worn)
 P - a +1 robe of cold resistance (worn)
Jewellery
 s - a +5 ring of dexterity (right claw)
 t - an uncursed ring of resist corrosion
 y - a ring of magical power (left claw)
 A - an amulet of rage (around neck)
 E - an uncursed amulet of guardian spirit
 F - a cursed ring of stealth {unknown}
 M - an uncursed ring of protection from cold {unknown}
Wands
 v - a wand of polymorph (8)
 w - a wand of flame (104)
Scrolls
 e - a scroll of amnesia
 g - 2 scrolls of blinking
 n - 2 scrolls of teleportation
 q - 5 scrolls of remove curse
 r - 3 scrolls of identify
 I - 2 scrolls of enchant weapon
 K - 2 scrolls of fog
 N - a scroll of enchant armour
Potions
 i - 5 potions of agility
 j - 8 potions of flight
 k - 4 potions of resistance
 l - 3 potions of lignification {unknown}
 m - 3 potions of brilliance {unknown}
 p - 5 potions of curing
 x - 2 potions of ambrosia {unknown}
 z - 2 potions of haste {unknown}
 B - 4 potions of mutation {unknown}
 D - a potion of magic {unknown}
 O - a potion of might {unknown}
Books
 J - a book of Party Tricks

   Spells                             Type                      Level
   a - Summon Butterflies             Summoning                    1
   b - Apportation                    Translocation                1
   c - Lesser Beckoning               Translocation                3
   d - Tukima's Dance                 Hexes                        3
   e - Alistair's Intoxication        Transmutation/Poison         5
   f - Invisibility                   Hexes                        6
Comestibles
 f - 36 rations


   Skills:
 + Level 10.3 Fighting
 - Level 8.0 Throwing
 - Level 8.0 Dodging
 - Level 0.3 Stealth
 - Level 11.0 Unarmed Combat
 - Level 2.0 Summonings
 - Level 8.0 Invocations
 - Level 0.9 Evocations


You had 11 spell levels left.
You knew the following spells:

 Your Spells              Type           Power        Failure   Level  Hunger
a - Summon Butterflies    Summ           #.......     21%         1    ##.....


Dungeon Overview and Level Annotations

Branches:
Dungeon (11/15)            Temple (1/1) D:4            Lair (3/6) D:11
 Spider (0/4) Lair:2          Orc (0/2) D:9
  Swamp: Lair:2-4    Shoals: Lair:2-4

Altars:
Ashenzari
Cheibriados
Dithmenos
Elyvilon
Fedhas
Gozag
Hepliaklqana
Kikubaaqudgha
Makhleb
Nemelex Xobeh
Okawaru
Qazlal
Ru
Sif Muna
Trog
Uskayaw
Vehumet
Wu Jian
Xom
Yredelemnul
Zin
The Shining One

Shops:
D:9 (   D:10 (   D:11 *[*!!

Annotations:
D:3 Ethylacetat's ghost, novice DECj
D:6 2 transporters
D:9 Urug


Innate Abilities, Weirdness & Mutations

You are too large for most types of armour.
You have claws for hands.
Your metabolism is lightning-fast.
You like to eat raw meat.
Your natural rate of healing is unusually fast.
You are covered in fur. (AC +1)
You have very tough skin. (AC +2)


Message History

The wolf bites you.
* * * LOW HITPOINT WARNING * * *
You miss the wolf. Your claw misses the wolf.
The wolf is lightly wounded.
The wolf bites you.
* * * LOW HITPOINT WARNING * * *
The wolf bites you!
* * * LOW HITPOINT WARNING * * *
The wolf pauses to sniff the ground.
The wolf closely misses you.
You barely miss the wolf. The wolf barely misses you.
The wolf completely misses you.
The wolf pauses to sniff the ground.
The wolf closely misses you. x2
You claw the wolf!
The wolf is almost dead.
The wolf bites you! Elyvilon protects you from harm! The wolf bites you.
You die...

...............
........... #...#
#...#.###. #P..##
..### #. ##..P# .. .
#..## ## ##÷..# ..#
#...## ...#
##..###### P....
...##..#@h#P##....P#
........hhh.h.†.>....
..........h..†.......
#.####...######..##..
# ###.# ### ###


You could see 6 wolves.

Vanquished Creatures
  Fannar (Lair:2)
  The ghost of poirepourri the Peltast, a novice MiFi of Makhleb (D:10)
  2 two-headed ogres
  Nergalle (Lair:1)
  The ghost of lysyklops the Cleaver, a novice DrBe of Trog (D:7)
  A black mamba (Lair:3)
  Psyche (D:9)
  Joseph (Lair:1)
  A spiny frog (Lair:1)
  5 komodo dragons
  A queen bee (D:9)
  2 jumping spiders (Lair:2)
  The ghost of Bnni the Ruffian, an amateur NaTm of Cheibriados (D:4)
  A polar bear (D:10)
  Grinder (D:4)
  3 blink frogs (Lair:1)
  2 hippogriffs (Lair:1)
  A centaur simulacrum (D:10)
  4 redbacks (Lair:2)
  34 yaks
  Eustachio (D:4)
  2 hungry ghosts (D:8)
  2 basilisks
  Menkaure (D:6)
  7 water moccasins
  6 porcupines
  8 ice beasts
  3 sky beasts
  A black bear (D:8)
  An eye of draining (D:11)
  An orc warrior (D:4)
  3 phantoms
  7 ogres
  11 wolves
  8 centaurs
  A necrophage (D:11)
  4 crocodiles
  15 bullfrogs
  3 big kobolds
  A gnoll sergeant (D:9)
  3 scorpions
  19 killer bees
  13 wights
  4 electric eels
  2 howler monkeys (D:11)
  5 crimson imps
  A quasit (D:6)
  3 jellies
  2 bullfrog skeletons
  3 orc priests
  2 centaur skeletons
  5 hounds
  14 orc wizards
  3 iguanas
  Terence (D:2)
  7 worker ants
  Natasha (D:3)
  A killer bee zombie (D:7)
  3 hound skeletons
  A hound zombie (D:5)
  A mummy (D:6)
  Robin (D:2)
  7 gnolls
  6 adders
  A howler monkey skeleton (D:5)
  4 river rats
  A hound simulacrum (D:10)
  2 shadow imps
  3 white imps (D:10)
  A worker ant simulacrum (D:10)
  3 ufetubi (D:10)
  3 oozes
  2 adder skeletons
  6 worms
  3 dart slugs
  4 leopard geckos
  40 orcs
  5 ball pythons
  10 bats
  6 giant cockroaches
  17 goblins
  13 hobgoblins
  9 jackals
  5 quokkas
  6 frilled lizards
  22 kobolds
  A leopard gecko skeleton (D:6)
  A quokka zombie (D:5)
  14 rats
  A spectral orc (D:2)
442 creatures vanquished.

Vanquished Creatures (others)
  A manticore (D:11)
  2 yaks (D:11)
  An adder (D:10)
  A jackal (D:11)
  2 fungi
7 creatures vanquished.

Grand Total: 449 creatures vanquished

Notes
Turn   | Place    | Note
-------+----------+-------------------------------------------
     0 | D:1      | spiff the Troll Hunter began the quest for the Orb.
     0 | D:1      | Reached XP level 1. HP: 19/19 MP: 0/0
    46 | D:1      | Reached skill level 1 in Unarmed Combat
    86 | D:1      | Reached XP level 2. HP: 28/28 MP: 1/1
   228 | D:1      | Reached skill level 2 in Unarmed Combat
   240 | D:1      | Reached XP level 3. HP: 35/35 MP: 2/2
   556 | D:2      | Noticed Robin
   568 | D:2      | Reached skill level 3 in Unarmed Combat
   596 | D:2      | Killed Robin
   596 | D:2      | Reached XP level 4. HP: 30/42 MP: 3/3
   828 | D:2      | Noticed Terence
   835 | D:2      | Killed Terence
   836 | D:2      | Reached skill level 4 in Unarmed Combat
  1005 | D:2      | Found a basalt altar of Yredelemnul.
  1284 | D:3      | Reached XP level 5. HP: 49/49 MP: 4/4
  1307 | D:3      | Found a glowing drain.
  1365 | Sewer    | Entered a sewer
  1480 | Sewer    | Reached skill level 5 in Unarmed Combat
  1540 | Sewer    | Found a white marble altar of Elyvilon.
  1549 | Sewer    | Became a worshipper of Elyvilon the Healer
  1714 | D:3      | Reached XP level 6. HP: 52/57 MP: 5/5
  1795 | D:3      | Noticed Ethylacetat's ghost (novice DECj)
  1849 | D:3      | Noticed Natasha
  1877 | D:3      | Killed Natasha
  1877 | D:3      | Reached skill level 6 in Unarmed Combat
  2199 | D:4      | Noticed Bnni's ghost (amateur NaTm)
  2279 | D:4      | Noticed Grinder
  2351 | D:4      | Found a stormy altar of Qazlal.
  2385 | D:4      | Reached * piety under Elyvilon
  2400 | D:4      | Paralysed by Grinder for 3 turns
  2411 | D:4      | Killed Grinder
  2411 | D:4      | Reached skill level 7 in Unarmed Combat
  2411 | D:4      | Reached XP level 7. HP: 21/66 MP: 6/6
  2535 | D:4      | Killed Bnni's ghost
  2535 | D:4      | Reached skill level 8 in Unarmed Combat
  2619 | D:4      | Found a staircase to the Ecumenical Temple.
  2620 | D:4      | Noticed a yak
  2621 | D:4      | Noticed a yak
  2621 | D:4      | Noticed a yak
  2621 | D:4      | Noticed a yak
  2621 | D:4      | Noticed a yak
  2662 | D:4      | Killed a yak
  2662 | D:4      | Reached XP level 8. HP: 55/74 MP: 7/7
  2951 | D:4      | Reached skill level 1 in Invocations
  3033 | D:4      | Noticed Eustachio
  3040 | D:4      | Killed Eustachio
  3145 | Temple   | Entered the Ecumenical Temple
  3216 | Temple   | Reached ** piety under Elyvilon
  3366 | D:5      | Entered Level 5 of the Dungeon
  3491 | D:5      | Noticed a moth of wrath
  3493 | D:5      | Found a bloodstained altar of Trog.
  3826 | D:5      | Reached XP level 9. HP: 60/85 MP: 10/10
  4151 | D:5      | Found a shadowy altar of Dithmenos.
  4293 | D:6      | Found a transporter.
  4335 | D:6      | Reached *** piety under Elyvilon
  4389 | D:6      | Found a snail-covered altar of Cheibriados.
  4553 | D:6      | Noticed a kobold demonologist
  4595 | D:6      | Found a transporter.
  4596 | D:6      | Noticed a kobold demonologist
  4621 | D:6      | Reached skill level 5 in Dodging
  4723 | D:6      | Reached skill level 5 in Fighting
  5034 | D:6      | Noticed Menkaure
  5037 | D:6      | Killed Menkaure
  5037 | D:6      | Reached skill level 5 in Invocations
  5252 | D:7      | Reached **** piety under Elyvilon
  5585 | D:7      | Noticed lysyklops's ghost (novice DrBe)
  5740 | D:7      | Killed lysyklops's ghost
  5740 | D:7      | Reached skill level 9 in Unarmed Combat
  5740 | D:7      | Reached XP level 10. HP: 98/98 MP: 12/12
  6022 | D:7      | Reached skill level 5 in Throwing
  6284 | D:8      | Found an opulent altar of Gozag.
  6334 | D:8      | Found a glowing silver altar of Zin.
  6467 | D:8      | Noticed a cyan ugly thing
  6497 | D:8      | Pacified a cyan ugly thing
  6895 | D:8      | Reached skill level 10 in Unarmed Combat
  7005 | D:9      | Noticed a two-headed ogre
  7016 | D:9      | Killed a two-headed ogre
  7025 | D:8      | Reached skill level 11 in Unarmed Combat
  7420 | D:9      | Reached XP level 11. HP: 91/109 MP: 14/14
  7426 | D:9      | Found a staircase to the Orcish Mines.
  7587 | D:9      | Noticed Psyche
  7971 | D:9      | Killed Psyche
  8085 | D:9      | Found a hide-covered altar of Uskayaw.
  8105 | D:9      | Found a shadowy altar of Dithmenos.
  8105 | D:9      | Found an ancient bone altar of Kikubaaqudgha.
  8500 | D:10     | Entered Level 10 of the Dungeon
  8509 | D:10     | Noticed poirepourri's ghost (novice MiFi)
  8520 | D:10     | Killed poirepourri's ghost
  8630 | D:10     | Noticed a two-headed ogre
  8674 | D:10     | Killed a two-headed ogre
  8797 | D:10     | Noticed Urug
  9113 | D:10     | Found Leowe's Weapon Shoppe.
  9971 | D:11     | Noticed a death yak
  9971 | D:11     | Noticed a death yak
  9987 | D:11     | Pacified a death yak
  9988 | D:11     | Pacified a death yak
 10070 | D:11     | Found a staircase to the Lair.
 10104 | D:11     | Noticed a death yak
 10116 | D:11     | Pacified a death yak
 10349 | D:11     | Reached XP level 12. HP: 75/117 MP: 14/16
 10433 | D:11     | Found Sutusyli's Distillery.
 10433 | D:11     | Found Tuacs's Antique Armour Shoppe.
 10437 | D:11     | Found Joylais's Assorted Antiques.
 10438 | D:11     | Found Megaf's Assorted Antiques.
 10463 | D:11     | Bought a scroll labeled PIAXTO FISE for 23 gold pieces
 10463 | D:11     | Bought a scroll labeled DUILOA KAD ARI for 23 gold pieces
 10581 | D:11     | Found Buxzogg's Distillery.
 10875 | Lair:1   | Entered Level 1 of the Lair of Beasts
 10875 | Lair:1   | Noticed Joseph
 11223 | Lair:1   | Killed Joseph
 12116 | Lair:1   | Learned a level 1 spell: Summon Butterflies
 12234 | Lair:1   | Reached skill level 1 in Summonings
 12372 | Lair:1   | Noticed Nergalle
 12408 | Lair:1   | Killed Nergalle
 13373 | Lair:2   | Found a sparkling altar of Nemelex Xobeh.
 13503 | Lair:2   | Noticed Fannar
 13516 | Lair:2   | Killed Fannar
 13767 | Lair:2   | Reached ***** piety under Elyvilon
 13890 | Lair:2   | Noticed a five-headed hydra
 13894 | Lair:2   | Pacified a five-headed hydra
 14211 | Lair:2   | Found a hole to the Spider Nest.
 14245 | Lair:2   | Reached skill level 10 in Fighting
 14604 | Lair:3   | HP: 4/126 [wolf (3)]
 14605 | Lair:3   | Elyvilon protects you from harm!
 14605 | Lair:3   | Elyvilon protects you from harm!
 14606 | Lair:3   | Was placed under penance by Elyvilon
 14711 | Lair:3   | Reached XP level 13. HP: 50/133 MP: 14/18
 14730 | Lair:3   | HP: 9/199 [wolf (3)]
 14731 | Lair:3   | HP: 2/199 [wolf (7)]
 14733 | Lair:3   | Elyvilon protects you from harm!
 14733 | Lair:3   | Slain by a wolf

Skill      XL: |  1  2  3  4  5  6  7  8  9 10 11 12 |
---------------+-------------------------------------+-----
Unarmed Combat | 1 2 3 4 5 7 8 9 11 | 11.0
Fighting       | 2 4 5 7 10 | 10.3
Dodging        | 2 4 5 7 8 |  8.0
Invocations    | 3 5 7 8 |  8.0
Throwing       | 4 5 7 8 |  8.0
Summonings     | 2 |  2.0
Stealth        | |  0.3
Evocations     | |  0.9

Action                   |  1- 3 |  4- 6 |  7- 9 | 10-12 | 13-15 || total
-------------------------+-------+-------+-------+-------+-------++-------
Melee: Unarmed           |   113 |   233 |   266 |   759 |    16 ||  1387
       Punch             |       |     1 |     8 |    52 |     1 ||    62
 Fire: Blowgun           |       |       |       |    47 |       ||    47
Throw: Large rock        |       |       |       |     1 |       ||     1
       Tomahawk          |       |       |       |     2 |       ||     2
 Cast: Summon Butterflie |       |       |       |     1 |       ||     1
Invok: Heal Other        |       |       |       |    25 |       ||    25
       Lesser Healing    |       |       |       |     2 |       ||     2
       Divine Protection |       |       |       |     3 |       ||     3
 Abil: Evoke Berserk Rag |       |       |     2 |     2 |       ||     4
Evoke: Wand              |       |       |     1 |    14 |       ||    15
  Use: Scroll            |       |       |    18 |    11 |       ||    29
       Potion            |       |       |       |     4 |     2 ||     6
 Stab: Sleeping          |     1 |       |       |     2 |       ||     3
       Distracted        |       |       |       |     1 |       ||     1
  Eat: Chunk             |    11 |    16 |    33 |   101 |       ||   161
Armor: Robe              |    33 |    79 |    51 |   167 |     2 ||   332
Dodge: Dodged            |    53 |   126 |   109 |   495 |    32 ||   815
